General information
			
			
        
        - name: BNet
 
        - type: Ladder team game (AT/RT)
 
        - host: Battle.net
 
        - saver: sc2no_wc4yes
 
        
map: Battleground 
        - players: 8
 
        - length: 27:37
 
        - speed: Fast
 - version: 1.22 W3XP
 - replay type:  Public
 
» download(178 KB)
Players
        team 1 (winner) 
              
              
sc2no_wc4yes (
green | 68 APM | 1882 actions | 27:37)
              
 10 Blood Mage 
 3 Flame Strike
 3 Siphon Mana
 1 Summon Phoenix
 3 Banish
 
                » actions 
                
                | Assign group hotkey | 40 |  | 
| Basic commands | 42 |  | 
| Build / train | 61 |  | 
| ESC pressed | 2 |  | 
| Enter build submenu | 32 |  | 
| Enter hero's abilities submenu | 10 |  | 
| Give item / drop item | 2 |  | 
| Right click | 821 |  | 
| Select / deselect | 234 |  | 
| Select group hotkey | 476 |  | 
| Use ability | 162 |  | 
                1882 total
 » units 
                » upgrades
                
                | Storm Hammers | 1 |  | 
| Masonry | 3 |  | 
| Swords | 3 |  | 
                7 total
 » buildings
                
                | Altar of Kings | 1 |  | 
| Farm | 9 |  | 
| Scout Tower | 22 |  | 
| Arcane Tower | 1 |  | 
| Keep | 1 |  | 
| Lumber Mill | 1 |  | 
| Castle | 1 |  | 
| Gryphon Aviary | 5 |  | 
| Guard Tower | 5 |  | 
| Arcane Vault | 1 |  | 
| Blacksmith | 1 |  | 
                48 total
 » build order
                00:04 Altar of Kings
00:11 Farm
00:59 Farm
01:38 Farm
03:16 Scout Tower
03:18 Scout Tower
03:46 Arcane Tower
04:11 Keep
06:00 Lumber Mill
06:05 Scout Tower
06:06 Scout Tower
06:06 Scout Tower
08:31 Castle
10:00 Gryphon Aviary
10:01 Gryphon Aviary
10:02 Gryphon Aviary
10:03 Gryphon Aviary
10:07 Guard Tower
10:08 Gryphon Aviary
10:14 Farm
10:15 Farm
10:17 Farm
10:18 Farm
10:46 Farm
11:03 Scout Tower
11:05 Scout Tower
13:29 Scout Tower
13:30 Scout Tower
13:30 Scout Tower
13:31 Scout Tower
13:32 Scout Tower
13:33 Scout Tower
13:33 Scout Tower
13:34 Scout Tower
14:01 Guard Tower
14:55 Guard Tower
14:57 Scout Tower
14:57 Scout Tower
14:58 Scout Tower
14:58 Scout Tower
14:58 Scout Tower
14:59 Scout Tower
15:30 Guard Tower
16:24 Guard Tower
19:33 Arcane Vault
19:35 Blacksmith
» items
                
                | Staff of Teleportation | 1 |  | 
| Boots of Speed | 1 |  | 
| Scroll of Town Portal | 2 |  | 
| Scroll of Healing | 3 |  | 
| Scroll of Regeneration | 1 |  | 
                8 total
  
               
              
              
» 
bohlerboy (
red | 21 APM | 584 actions | 27:36)
              
 3 Far Seer 
 2 Feral Spirit
 1 Chain Lighting
 
                » actions 
                
                | Basic commands | 17 |  | 
| Build / train | 31 |  | 
| Enter build submenu | 13 |  | 
| Enter hero's abilities submenu | 3 |  | 
| Remove unit from queue | 2 |  | 
| Right click | 220 |  | 
| Select / deselect | 267 |  | 
| Use ability | 31 |  | 
                584 total
 » units 
                
                | Peon | 5 |  | 
| Grunt | 8 |  | 
| Shaman | 2 |  | 
| Tauren | 2 |  | 
                17 total
 » upgrades
                
                | Berserker Strength | 1 |  | 
| Shaman Training | 2 |  | 
| Melee Weapons | 1 |  | 
| Armor | 1 |  | 
                5 total
 » buildings
                
                | Orc Burrow | 4 |  | 
| Altar of Storms | 1 |  | 
| Barracks | 2 |  | 
| Voodoo Lounge | 1 |  | 
| War Mill | 1 |  | 
| Stronghold | 1 |  | 
| Fortress | 1 |  | 
| Spirit Lodge | 1 |  | 
| Tauren Totem | 1 |  | 
                13 total
 » build order
                00:15 Orc Burrow
00:17 Altar of Storms
00:48 Barracks
01:22 Orc Burrow
01:44 Barracks
02:34 Voodoo Lounge
04:11 War Mill
05:12 Stronghold
06:13 Orc Burrow
07:47 Fortress
09:08 Spirit Lodge
10:23 Tauren Totem
10:58 Orc Burrow
» items
                 
               
              
              
x-geno (
yellow | 60 APM | 1662 actions | 27:36)
              
 9 Death Knight 
 3 Death Coil
 3 Unholy Aura
 1 Animate Dead
 2 Death Pact
 
                » actions 
                
                | Assign group hotkey | 123 |  | 
| Basic commands | 16 |  | 
| Build / train | 78 |  | 
| ESC pressed | 1 |  | 
| Enter build submenu | 18 |  | 
| Enter hero's abilities submenu | 9 |  | 
| Remove unit from queue | 10 |  | 
| Right click | 1009 |  | 
| Select / deselect | 289 |  | 
| Select group hotkey | 63 |  | 
| Use ability | 46 |  | 
                1662 total
 » units 
                
                | Acolyte | 5 |  | 
| Ghoul | 7 |  | 
| Crypt Fiend | 13 |  | 
| Gargoyle | 12 |  | 
| Frost Wyrm | 7 |  | 
                44 total
 » upgrades
                
                | Creature Attack | 2 |  | 
| Creature Carapace | 1 |  | 
                3 total
 » buildings
                
                | Altar of Darkness | 1 |  | 
| Ziggurat | 8 |  | 
| Crypt | 2 |  | 
| Graveyard | 1 |  | 
| Halls of the Dead | 1 |  | 
| Spirit Tower | 5 |  | 
| Nerubian Tower | 1 |  | 
| Black Citadel | 1 |  | 
| Sacrificial Pit | 2 |  | 
| Boneyard | 4 |  | 
                26 total
 » build order
                00:13 Altar of Darkness
00:17 Ziggurat
00:40 Crypt
01:13 Graveyard
01:24 Ziggurat
02:11 Ziggurat
02:14 Ziggurat
04:06 Halls of the Dead
04:32 Spirit Tower
04:33 Nerubian Tower
06:08 Halls of the Dead
08:06 Ziggurat
08:07 Ziggurat
09:25 Black Citadel
10:59 Sacrificial Pit
11:13 Spirit Tower
11:48 Boneyard
11:52 Boneyard
12:05 Spirit Tower
14:42 Spirit Tower
14:50 Ziggurat
15:33 Spirit Tower
16:30 Ziggurat
16:46 Spirit Tower
19:24 Crypt
23:24 Sacrificial Pit
25:10 Boneyard
25:24 Boneyard
» items
                
                | Scroll of Town Portal | 1 |  | 
| Periapt of Vitality | 1 |  | 
| Circlet of Nobility | 1 |  | 
                3 total
  
               
              
              
Bulkh3ad (
blue | 15 APM | 423 actions | 27:36)
              
 3 Paladin 
 1 Holy Light
 1 Devotion Aura
 1 Divine Shield
 
                » actions 
                
                | Assign group hotkey | 12 |  | 
| Build / train | 28 |  | 
| Enter build submenu | 11 |  | 
| Enter hero's abilities submenu | 3 |  | 
| Right click | 137 |  | 
| Select / deselect | 108 |  | 
| Select group hotkey | 94 |  | 
| Use ability | 30 |  | 
                423 total
 » units 
                » upgrades
                » buildings
                
                | Altar of Kings | 1 |  | 
| Farm | 4 |  | 
| Blacksmith | 1 |  | 
| Barracks | 2 |  | 
| Scout Tower | 2 |  | 
| Arcane Tower | 2 |  | 
                12 total
 » build order
                00:15 Altar of Kings
00:20 Farm
01:02 Blacksmith
01:19 Barracks
01:26 Farm
02:02 Farm
02:12 Barracks
02:34 Farm
04:51 Scout Tower
05:34 Arcane Tower
05:37 Scout Tower
06:31 Arcane Tower
 
               team 2 (loser) 
              
              
gosuneal (
pink | 65 APM | 1756 actions | 26:49)
              
 4 Goblin Tinker 
 2 Pocket Factory
 2 Engineering Upgrade
 3 Pit Lord 
 1 Rain of Fire
 2 Howl of Terror
 
                » actions 
                
                | Assign group hotkey | 12 |  | 
| Basic commands | 55 |  | 
| Build / train | 87 |  | 
| Enter build submenu | 36 |  | 
| Enter hero's abilities submenu | 7 |  | 
| Remove unit from queue | 2 |  | 
| Right click | 791 |  | 
| Select / deselect | 422 |  | 
| Select group hotkey | 284 |  | 
| Use ability | 59 |  | 
                1756 total
 » units 
                
                | Peasant | 35 |  | 
| Rifleman | 21 |  | 
| Sorceress | 3 |  | 
| Priest | 3 |  | 
                62 total
 » upgrades
                
                | Gunpowder | 2 |  | 
| Long Rifles | 1 |  | 
| Sorceress Training | 1 |  | 
| Priest Training | 1 |  | 
                5 total
 » buildings
                
                | Altar of Kings | 2 |  | 
| Farm | 14 |  | 
| Barracks | 1 |  | 
| Blacksmith | 1 |  | 
| Lumber Mill | 2 |  | 
| Keep | 4 |  | 
| Arcane Sanctum | 2 |  | 
| Castle | 1 |  | 
| Town Hall | 2 |  | 
| Scout Tower | 6 |  | 
| Arcane Vault | 1 |  | 
| Guard Tower | 2 |  | 
                38 total
 » build order
                00:07 Altar of Kings
00:09 Farm
00:11 Barracks
01:31 Farm
02:10 Blacksmith
02:38 Farm
03:19 Farm
03:39 Lumber Mill
03:42 Keep
03:42 Keep
04:40 Farm
06:12 Arcane Sanctum
08:25 Arcane Sanctum
10:14 Farm
10:17 Farm
10:21 Farm
10:44 Farm
12:01 Castle
13:28 Town Hall
15:02 Farm
15:10 Farm
16:07 Farm
19:13 Scout Tower
19:22 Farm
19:29 Arcane Vault
19:45 Guard Tower
19:49 Scout Tower
19:53 Scout Tower
19:56 Scout Tower
19:59 Scout Tower
20:03 Scout Tower
20:42 Guard Tower
23:14 Town Hall
23:55 Lumber Mill
24:46 Altar of Kings
25:23 Farm
26:04 Keep
 
               
              
              
» 
Tha.Game (
teal | 58 APM | 1540 actions | 26:45)
              
 4 Blademaster 
 2 Wind Walk
 2 Critical Strike
 
                » actions 
                
                | Assign group hotkey | 14 |  | 
| Basic commands | 2 |  | 
| Build / train | 76 |  | 
| Enter build submenu | 23 |  | 
| Enter hero's abilities submenu | 4 |  | 
| Remove unit from queue | 1 |  | 
| Right click | 584 |  | 
| Select / deselect | 378 |  | 
| Select group hotkey | 403 |  | 
| Use ability | 55 |  | 
                1540 total
 » units 
                
                | Peon | 17 |  | 
| Grunt | 17 |  | 
| Tauren | 4 |  | 
| Troll Headhunter/Berserker | 11 |  | 
| Troll Batrider | 2 |  | 
                51 total
 » upgrades
                
                | Pillage | 1 |  | 
| Melee Weapons | 2 |  | 
| Armor | 1 |  | 
| Ranged Weapons | 2 |  | 
| Berserker Upgrade | 1 |  | 
                7 total
 » buildings
                
                | Altar of Storms | 1 |  | 
| Orc Burrow | 13 |  | 
| Barracks | 1 |  | 
| Voodoo Lounge | 1 |  | 
| War Mill | 1 |  | 
| Stronghold | 1 |  | 
| Fortress | 1 |  | 
| Tauren Totem | 2 |  | 
| Beastiary | 1 |  | 
                22 total
 » build order
                00:32 Altar of Storms
00:37 Orc Burrow
01:20 Barracks
01:30 Orc Burrow
02:03 Voodoo Lounge
02:31 Orc Burrow
03:26 War Mill
04:07 Orc Burrow
05:09 Orc Burrow
07:37 Stronghold
10:24 Fortress
11:31 Orc Burrow
12:56 Tauren Totem
13:00 Tauren Totem
17:42 Orc Burrow
17:54 Beastiary
18:55 Orc Burrow
22:36 Orc Burrow
22:38 Orc Burrow
24:32 Orc Burrow
24:35 Orc Burrow
24:38 Orc Burrow
» items
                
                | Healing Salve | 2 |  | 
| Lesser Clarity Potion | 3 |  | 
| Scroll of Speed | 3 |  | 
| Scroll of Town Portal | 2 |  | 
                10 total
  
               
              
              
» 
th_c (
purple | 55 APM | 1462 actions | 26:29)
              
 4 Far Seer 
 2 Feral Spirit
 2 Chain Lighting
 2 Shadow Hunter 
 1 Healing Wave
 1 Hex
 
                » actions 
                
                | Assign group hotkey | 39 |  | 
| Basic commands | 2 |  | 
| Build / train | 55 |  | 
| Enter build submenu | 17 |  | 
| Enter hero's abilities submenu | 6 |  | 
| Right click | 760 |  | 
| Select / deselect | 270 |  | 
| Select group hotkey | 248 |  | 
| Use ability | 65 |  | 
                1462 total
 » units 
                
                | Peon | 9 |  | 
| Grunt | 14 |  | 
| Shaman | 3 |  | 
| Troll Headhunter/Berserker | 3 |  | 
                29 total
 » upgrades
                
                | Armor | 3 |  | 
| Pillage | 1 |  | 
| Melee Weapons | 2 |  | 
| Berserker Strength | 1 |  | 
| Shaman Training | 2 |  | 
| Berserker Upgrade | 1 |  | 
| Ranged Weapons | 1 |  | 
                11 total
 » buildings
                
                | Altar of Storms | 1 |  | 
| Orc Burrow | 9 |  | 
| Barracks | 2 |  | 
| Voodoo Lounge | 1 |  | 
| War Mill | 1 |  | 
| Stronghold | 1 |  | 
| Fortress | 1 |  | 
| Spirit Lodge | 1 |  | 
| Beastiary | 1 |  | 
                18 total
 » build order
                00:13 Altar of Storms
00:17 Orc Burrow
01:10 Barracks
01:42 Barracks
01:52 Orc Burrow
02:10 Voodoo Lounge
03:15 Orc Burrow
03:25 War Mill
04:21 Orc Burrow
06:59 Stronghold
10:31 Orc Burrow
12:52 Fortress
12:58 Spirit Lodge
14:55 Orc Burrow
18:37 Beastiary
22:49 Orc Burrow
22:50 Orc Burrow
23:46 Orc Burrow
» items
                
                | Scroll of Speed | 1 |  | 
| Healing Salve | 1 |  | 
| Scroll of Healing | 1 |  | 
| Periapt of Vitality | 1 |  | 
| Potion of Healing | 1 |  | 
                5 total
  
               
              
              
ronniestoppable (
orange | 33 APM | 912 actions | 27:36)
              
 5 Far Seer 
 2 Feral Spirit
 3 Chain Lighting
 3 Shadow Hunter 
 2 Healing Wave
 1 Hex
 
                » actions 
                
                | Assign group hotkey | 12 |  | 
| Basic commands | 4 |  | 
| Build / train | 64 |  | 
| Enter build submenu | 15 |  | 
| Enter hero's abilities submenu | 8 |  | 
| Right click | 390 |  | 
| Select / deselect | 310 |  | 
| Select group hotkey | 21 |  | 
| Use ability | 88 |  | 
                912 total
 » units 
                
                | Peon | 10 |  | 
| Grunt | 6 |  | 
| Raider | 9 |  | 
| Demolisher | 5 |  | 
| Troll Batrider | 10 |  | 
                40 total
 » upgrades
                
                | Pillage | 1 |  | 
| Berserker Strength | 1 |  | 
| Ensnare | 1 |  | 
| Melee Weapons | 1 |  | 
| Armor | 2 |  | 
| Liquid Fire | 1 |  | 
                7 total
 » buildings
                
                | Altar of Storms | 1 |  | 
| Orc Burrow | 7 |  | 
| Barracks | 1 |  | 
| Stronghold | 1 |  | 
| Beastiary | 2 |  | 
| War Mill | 1 |  | 
| Voodoo Lounge | 1 |  | 
| Fortress | 1 |  | 
                15 total
 » build order
                00:49 Altar of Storms
01:02 Orc Burrow
01:26 Barracks
01:43 Orc Burrow
02:56 Stronghold
04:24 Orc Burrow
06:07 Beastiary
07:06 Orc Burrow
07:10 War Mill
10:10 Orc Burrow
13:08 Beastiary
13:44 Orc Burrow
14:32 Voodoo Lounge
18:07 Fortress
23:28 Orc Burrow
» items
                
                | Healing Salve | 3 |  | 
| Scroll of Town Portal | 1 |  | 
| Scroll of Speed | 1 |  | 
                5 total
  
                Chat log
          (00:20 / Allies) x-geno: hey
(00:24 / Allies) Bulkh3ad: yo
(00:30 / Allies) sc2no_wc4yes: kool 
(00:31 / Allies) sc2no_wc4yes: aid
(00:37 / Allies) x-geno: cc or rush?
(00:46 / Allies) Bulkh3ad: ima mass rifle
(01:01 / Allies) x-geno: hurm
(01:06 / Allies) x-geno: ill get fiends then wyms
(01:38 / Allies) x-geno: red?green?
(01:48 / Allies) bohlerboy: melee
(05:21 / Allies) sc2no_wc4yes: heal plase
(05:23 / Allies) sc2no_wc4yes: ty
(05:28 / Allies) sc2no_wc4yes: b 
(05:28 / Allies) sc2no_wc4yes: b
(06:03 / Allies) bohlerboy: yellow come attk w/ me
(06:11 / Allies) Bulkh3ad: wood plz
(06:18 / Allies) Bulkh3ad: ty
(06:50 / Allies) bohlerboy: hall then tp
(06:52 / Allies) sc2no_wc4yes: CALL ARMS
(06:52 / Allies) sc2no_wc4yes: DURRR
(06:53 / Allies) x-geno: kk
(06:54 / Allies) bohlerboy: get back in base guys
(06:58 / Allies) bohlerboy: we are gonna tp
(07:12 / Allies) sc2no_wc4yes: HEAL
(07:12 / Allies) bohlerboy: tp now
(07:22 / Allies) sc2no_wc4yes: HEAL ME YOU ASSCLOWN
(07:30 / Allies) sc2no_wc4yes: HERE I GIVE UYOU MANA
(07:31 / Allies) sc2no_wc4yes: HEAL
(07:35 / Allies) sc2no_wc4yes: ty
(08:08 / Allies) sc2no_wc4yes: its doubles
(08:10 / Allies) sc2no_wc4yes: now stop focusing it
(09:18 / Allies) sc2no_wc4yes: bulkhead
(09:21 / Allies) sc2no_wc4yes: u kill ur allies
(09:23 / Allies) sc2no_wc4yes: with block units
(09:54 / Allies) sc2no_wc4yes: picks pally and doesnt heal
(10:11 / Allies) bohlerboy: we can still win this
(10:15 / Allies) bohlerboy: blue get out if you can
(10:25 / Allies) Bulkh3ad: green
(10:27 / Allies) x-geno: we need air
(10:31 / Allies) Bulkh3ad: suck my fuckin ballsd
(11:10 / Allies) Bulkh3ad: tower?
(11:13 / Allies) Bulkh3ad: loser
(11:17 / Allies) sc2no_wc4yes: noob 
(11:20 / Allies) sc2no_wc4yes: picked level 1 shield third
(11:21 / Allies) sc2no_wc4yes: rofl
(11:36 / Allies) Bulkh3ad: tried to get out
(11:42 / Allies) Bulkh3ad: you were no fuckin help
(11:47 / Allies) Bulkh3ad: making no units
(12:14 / Allies) Bulkh3ad: i held them off so you could tech
(12:20 / Allies) Bulkh3ad: good luck
(12:26 / Allies) x-geno: hit cats and run
(12:28 / Allies) x-geno: with gryphs
(12:37 / Allies) bohlerboy: blue pass up resouces plz
(12:56 / Allies) Bulkh3ad: who needs?
(13:02 / Allies) x-geno: all of us
(13:13 / Allies) Bulkh3ad: do you see how much i have?
(13:31 / Allies) x-geno: kill aa first
(13:41 / Allies) Bulkh3ad: they got sorc
(13:41 / Allies) x-geno: green come
(13:44 / Allies) Bulkh3ad: no use
(13:56 / Allies) Bulkh3ad: you suck green
(14:00 / Allies) Bulkh3ad: nice tech
(14:05 / Allies) sc2no_wc4yes: tower up all
(14:07 / Allies) Bulkh3ad: who techs to griff?
(14:17 / Allies) sc2no_wc4yes: bawww
(14:23 / Allies) sc2no_wc4yes: bu8tthurt cuz i diss ur skills
(14:24 / Allies) x-geno: gg
(14:32 / All) th_c: GG
(14:48 / Allies) sc2no_wc4yes: mass tower
(14:49 / Allies) sc2no_wc4yes: all
(14:50 / Allies) sc2no_wc4yes: err
(14:51 / Allies) sc2no_wc4yes: ud
(14:52 / Allies) sc2no_wc4yes: mass tower
(14:54 / Allies) Bulkh3ad: you better get breakres green
(14:57 / Allies) x-geno: its over
(15:10 / Allies) x-geno: wtf is mass tower gonna do
(15:13 / Allies) x-geno: just take longer to kill us
(15:14 / All) th_c: grunting you up
(15:16 / Allies) Bulkh3ad: he still towers
(15:23 / Allies) Bulkh3ad: omg 
(15:28 / Allies) Bulkh3ad: fuck you green
(15:47 / Allies) Bulkh3ad: you are not allowed to call anyone a noob
(16:02 / Allies) bohlerboy: green, go fight w/ yellow plz
(16:32 / Allies) bohlerboy: go now green get them from behind
(16:33 / Allies) bohlerboy: gogo
(16:37 / Allies) Bulkh3ad: suck my ass green
(16:45 / Allies) Bulkh3ad: suck it like the fag you are
(16:45 / Allies) sc2no_wc4yes: baww
(16:47 / Allies) bohlerboy: gj green
(16:48 / Allies) Bulkh3ad: homo
(16:49 / Allies) bohlerboy: gogo
(16:56 / Allies) Bulkh3ad: baww?
(17:00 / Allies) bohlerboy: aa first
(17:08 / Allies) Bulkh3ad: you're such a loser
(17:14 / Allies) Bulkh3ad: who types baww?
(17:15 / Allies) bohlerboy: gj guys
(17:16 / Allies) bohlerboy: gogo
(17:23 / Allies) bohlerboy: kill them green
(17:29 / Allies) Bulkh3ad: is that something you say in real life?
(17:38 / Allies) Bulkh3ad: bawww?
(17:41 / Allies) sc2no_wc4yes: bawww
(17:48 / Allies) Bulkh3ad: wtf does that mean?
(17:55 / Allies) sc2no_wc4yes: wah wah wah bawww
(18:04 / Allies) Bulkh3ad: gay
(18:05 / Allies) bohlerboy: green go w/ yellow
(18:14 / Allies) Bulkh3ad: you might as well say....
(18:19 / Allies) Bulkh3ad: i suck cock
(18:22 / Allies) Bulkh3ad: bawww
(18:24 / Allies) bohlerboy: kill his alter yellow
(18:33 / Allies) bohlerboy: kill his alter
(18:36 / Allies) bohlerboy: or freeze it
(18:38 / Allies) bohlerboy: alter
(18:39 / Allies) bohlerboy: alter
(18:46 / Allies) Bulkh3ad: alter green
(18:47 / Allies) bohlerboy: alter
(18:51 / Allies) bohlerboy: freeze it
(18:57 / Allies) bohlerboy: alter
(19:01 / Allies) bohlerboy: ok nvm
(19:04 / Allies) x-geno: dont have freeze
(19:04 / Allies) Bulkh3ad: its good
(19:09 / All) th_c: stop glitching noob
(19:11 / Allies) Bulkh3ad: hes not making hero
(19:12 / All) sc2no_wc4yes: bawww
(19:21 / Allies) bohlerboy: he was making hero then stopped
(19:32 / Allies) bohlerboy: green stay w/ yellow plz
(19:35 / Allies) bohlerboy: stay w/ yellow
(19:46 / Allies) Bulkh3ad: it doesnt matter
(19:46 / Allies) sc2no_wc4yes: yellow get a tp
(19:48 / Allies) sc2no_wc4yes: we are back in the game
(19:49 / Allies) Bulkh3ad: green hacks
(19:57 / Allies) Bulkh3ad: we win
(20:37 / Allies) Bulkh3ad: towers work!
(20:42 / Allies) bohlerboy: lol
(20:42 / Allies) Bulkh3ad: ya green!
(20:50 / Allies) bohlerboy: get alter fast
(20:52 / Allies) bohlerboy: get his alter
(20:54 / All) ronniestoppable: WE
(21:06 / Allies) bohlerboy: get out
(21:12 / Allies) Bulkh3ad: lol
(21:18 / Allies) Bulkh3ad: alter!
(21:21 / Allies) Bulkh3ad: damn
(21:22 / Allies) bohlerboy: :(
(21:24 / Allies) bohlerboy: its ok
(21:28 / Allies) Bulkh3ad: thay had nothing
(21:37 / Allies) bohlerboy: gren tp
(21:39 / Allies) bohlerboy: help yellow
(21:42 / Allies) bohlerboy: gj
(22:03 / Allies) Bulkh3ad: baawwww!
(22:49 / Allies) x-geno: make more gryphs
(23:02 / Allies) sc2no_wc4yes: manage ur own army
(23:35 / Allies) bohlerboy: yellow go w/ green
(23:42 / Allies) sc2no_wc4yes: manage ur own army
(23:46 / Allies) x-geno: look for expansions
(23:52 / Allies) x-geno: gold mines are almost out anyways
(23:55 / Allies) Bulkh3ad: baaaawwwww!
(24:28 / All) sc2no_wc4yes: u got it
(24:29 / All) sc2no_wc4yes: nice
(24:31 / Allies) bohlerboy: yellow no
(24:33 / Allies) bohlerboy: get out
(24:36 / Allies) Bulkh3ad: you think they might be getting aa now?
(24:37 / Allies) bohlerboy: stay w/ green
(24:43 / All) th_c: stop glitching faggot
(24:47 / Allies) bohlerboy: back
(24:47 / Allies) bohlerboy: back
(24:48 / Allies) bohlerboy: back
(24:48 / All) sc2no_wc4yes: bawww
(24:52 / Allies) bohlerboy: run
(24:53 / Allies) bohlerboy: run
(24:54 / Allies) bohlerboy: run
(25:01 / Allies) Bulkh3ad: christ
(25:09 / Allies) bohlerboy: green kill oj
(25:13 / Allies) bohlerboy: yall kill oj together
(25:33 / Allies) Bulkh3ad: maybe some tanks?
(25:46 / Allies) x-geno: kill that?
(25:54 / Allies) x-geno: lol
(26:08 / Allies) Bulkh3ad: wow
(26:12 / Allies) bohlerboy: gj w/ pheniox green rofl
(26:15 / Allies) bohlerboy: wow gj
(26:16 / Allies) Bulkh3ad: glitching
(26:26 / All) th_c: faggot, your names being reported to blizzard
(26:29 / All) sc2no_wc4yes: wah wah wah
(26:31 / Allies) Bulkh3ad: no shit
(26:37 / All) sc2no_wc4yes: check my profile daily
(26:39 / Allies) Bulkh3ad: baaaawwwww
(26:40 / All) sc2no_wc4yes: little girl
(26:47 / Allies) x-geno: whats going on/
(26:50 / Allies) Bulkh3ad: dude
(26:54 / Allies) Bulkh3ad: that aint right
(26:59 / All) ronniestoppable: how u do that
(27:03 / Allies) bohlerboy: woot
(27:04 / Allies) bohlerboy: gj guys
(27:05 / All) sc2no_wc4yes: u have to tuype in a cheat code
(27:07 / All) sc2no_wc4yes: real fast at start
(27:14 / All) ronniestoppable: oh really
(27:20 / All) ronniestoppable: no but srsly
(27:25 / Allies) Bulkh3ad: you won't loose acount?
(27:31 / Allies) sc2no_wc4yes: they dont ban hackers